Map: Lerilak Crest

Players

FanOn

  • Race: Terran Terran
  • League: Bronze

Nano - Winner!

  • Race: Terran Terran
  • League: Bronze

VOD

Have the link to the VOD?

Description

Time

  • Played on: Jan. 20, 2016, 3:32 p.m.
  • Length: 10:42
Show
View Real Time Build Order
Export as new Build Order

FanOn Terran 

Build Orders: MMM Bio 

Get SALT Encoding   

  12  0:01  SCV  
  13  0:20  Supply Depot, SCV  
  14  0:32  SCV  
  15  0:46  Barracks  
  15  0:48  SCV  
  16  0:59  Refinery  
  16  1:03  SCV  
  17  1:16  SCV  
  17  1:17  Barracks  
  18  1:28  SCV  
  19  1:40  SCV  
  19  1:45  Barracks Reactor  
  20  2:02  Barracks  
  20  2:23  Marine x2  
  20  2:25  Ghost Academy  
  22  2:35  Orbital Command  
  22  2:41  Marine  
  22  2:42  Barracks Tech Lab  
  23  2:51  Barracks  
  23  2:54  Refinery  
  23  3:12  Factory  
  23  3:15  Barracks Tech Lab  
  23  3:33  Supply Depot  
  23  3:47  Barracks Reactor  
  23  3:54  SCV, Marine x2  
  23  3:55  Marauder  
  28  3:56  Supply Depot  
  28  4:06  SCV  
  28  4:08  Combat Shields  
  29  4:12  Marine x2  
  31  4:18  SCV, Marauder  
  31  4:19  Stimpack  
  34  4:24  Factory Tech Lab  
  34  4:30  Marine  
  35  4:36  SCV  
  36  4:43  Marauder  
  38  4:45  Marine  
  39  4:57  Supply Depot  
  39  5:18  Marine x4  
  39  5:19  Marauder x2  
  39  5:20  Supply Depot  
  47  5:41  Marauder x2, Marine x4  
  55  5:42  Supply Depot  
  55  5:55  Starport  
  55  6:04  SCV, Marauder, Marine  
  55  6:05  Supply Depot  
  59  6:33  Armory  
  59  6:43  Starport Reactor  
  59  6:50  Supply Depot  
  57  7:14  Supply Depot  
  57  7:15  Fusion Core  
  47  8:08  Barracks, Medivac x2  
  53  8:12  Marauder  
  53  8:15  Marine  
  53  8:16  Marine x3  
  57  8:33  Marine  
  57  8:34  Marauder, Marine x3  
  60  8:38  Medivac x2  
  67  8:51  Marine  
  70  8:55  Marauder  
  70  9:00  Barracks Tech Lab  
  70  9:08  Medivac x2  
  74  9:53  Marauder  
  74  9:54  Marauder  
  74  9:56  Marine  
  74  9:57  Command Center, Marine  
  41  10:15  Marauder x2  
Show
View Real Time Build Order
Export as new Build Order

Nano Terran - Winner!

Build Orders: MMM Bio 

Get SALT Encoding   

  12  0:08  SCV  
  13  0:20  SCV  
  14  0:31  Supply Depot  
  14  0:33  SCV  
  15  0:43  Refinery  
  15  0:44  Supply Depot  
  15  0:53  SCV  
  16  1:01  Barracks  
  16  1:08  SCV  
  17  1:20  SCV  
  18  1:34  SCV  
  18  1:36  Engineering Bay  
  19  1:43  Barracks  
  19  1:46  SCV  
  20  2:12  Marine  
  21  2:19  SCV  
  21  2:20  Factory  
  22  2:26  Refinery  
  22  2:30  Marine  
  22  2:33  Barracks Tech Lab  
  23  2:42  SCV  
  24  2:54  Stimpack  
  24  2:59  SCV  
  25  3:06  Barracks Reactor  
  25  3:07  Marine  
  26  3:23  Command Center, SCV  
  27  3:29  Factory Tech Lab  
  27  3:32  Starport  
  27  3:35  Marine  
  28  3:45  Orbital Command  
  28  3:47  Marine  
  29  3:58  Marine  
  30  4:15  Marine  
  30  4:16  Supply Depot  
  31  4:34  Marine  
  31  4:35  Marauder  
  34  4:46  SCV  
  34  4:48  Marine  
  34  4:51  Supply Depot, Medivac  
  38  4:53  Siege Tank  
  38  4:55  Marine  
  42  5:03  SCV  
  43  5:09  Refinery  
  43  5:14  Marine x2  
  43  5:15  Marauder  
  43  5:16  SCV x2  
  43  5:20  Supply Depot  
  49  5:24  Terran Infantry Armor Level 1  
  49  5:29  SCV x2  
  51  5:40  Marine  
  51  5:41  Marine  
  51  5:42  Marauder  
  55  5:48  SCV x2  
  57  5:55  Supply Depot  
  57  5:56  Medivac  
  59  5:59  Marine  
  59  6:01  Marine  
  61  6:06  SCV x2  
  63  6:17  Combat Shields  
  63  6:20  Marauder  
  63  6:22  Marine  
  63  6:23  Marine  
  67  6:30  SCV x2  
  67  6:32  Medivac  
  71  6:43  SCV x2  
  71  6:44  Marine x2  
  71  6:45  Marauder  
  77  6:57  SCV  
  78  7:22  SCV  
  78  7:23  Marine x2  
  78  7:25  Marauder  
  70  7:34  Supply Depot  
  70  7:35  Siege Tank, Medivac  
  66  7:40  SCV  
  66  7:41  SCV  
  68  7:45  Terran Infantry Weapons Level 1  
  68  7:48  Marine x2  
  68  7:49  Marauder  
  72  7:59  Supply Depot  
  72  8:13  Marine x2  
  72  8:14  Marauder  
  72  8:19  Command Center  
  76  8:25  Barracks  
  76  8:30  Barracks  
  76  8:49  Refinery  
  76  9:02  Marine x2  
  77  9:03  Marauder  
  77  9:04  Siege Tank, Medivac  
  77  9:07  Supply Depot  
  85  9:10  Command Center  
  85  9:22  Barracks Tech Lab  
  85  9:23  Barracks Reactor  
  85  9:25  Concussive Shells  
  85  9:27  Marine x2  
  85  9:28  Marauder  
  89  9:45  Supply Depot  
  88  10:05  Marine x4  
  88  10:06  Marauder  
  93  10:07  Marauder  
  93  10:12  Medivac  
  95  10:16  Supply Depot  
  95  10:27  SCV  
  95  10:28  SCV  
Tags
 
Add a new tag
Caveats
  • Supply blocks, unpowered buildings, or Contaminate may cause inaccurate times.
  • Supply counts are checked every 10 seconds.